Map: [ESL] Gresvan

Players

Rail

  • Race: Protoss Protoss
  • Spawn Location: 11:00

ShaDoWn - Winner!

  • Race: Protoss Protoss
  • Spawn Location: 5:00

Event: ESL SC2 Masters 2023 Summer (Finals)

VOD

Have the link to the VOD?

Description

Time

  • Played on: June 16, 2023, 8:04 a.m.
  • Length: 16:34

All games in this series

Show
View Real Time Build Order
Export as new Build Order

Rail Protoss 

Build Orders: Blink Stalkers 

Get SALT Encoding   

  12  0:01  Probe  
  13  0:13  Probe  
  14  0:18  Pylon  
  14  0:25  Probe (Chrono Boost)  
  15  0:37  Probe (Chrono Boost), Gateway  
  16  0:45  Probe (Chrono Boost)  
  16  0:46  Assimilator  
  17  0:51  Probe  
  18  1:00  Gateway  
  18  1:04  Probe (Chrono Boost)  
  19  1:07  Assimilator  
  19  1:13  Probe (Chrono Boost)  
  20  1:18  Probe (Chrono Boost)  
  20  1:25  Cybernetics Core  
  21  1:30  Probe  
  22  1:34  Pylon  
  22  1:42  Probe  
  23  1:54  Probe  
  23  2:01  Stalker x2  
  28  2:02  Warp Gate  
  28  2:06  Probe  
  29  2:12  Pylon  
  29  2:31  Stalker x2  
  33  2:49  Nexus  
  33  2:52  Probe  
  33  2:58  Pylon  
  34  3:02  Sentry  
  36  3:10  Sentry  
  36  3:13  Probe  
  36  3:19  Twilight Council  
  37  3:25  Probe  
  37  3:26  Shield Battery  
  38  3:28  Sentry  
  40  3:37  Probe  
  41  3:49  Probe (Chrono Boost)  
  41  3:51  Blink (Chrono Boost)  
  42  4:00  Probe (Chrono Boost)  
  44  4:04  Probe (Chrono Boost), Stalker  
  47  4:10  Probe (Chrono Boost)  
  47  4:12  Probe (Chrono Boost)  
  47  4:16  Probe (Chrono Boost)  
  49  4:17  Probe (Chrono Boost)  
  49  4:18  Stalker  
  52  4:28  Probe  
  52  4:29  Probe  
  52  4:30  Stalker  
  55  4:42  Probe  
  55  4:44  Shield Battery  
  55  4:45  Stalker  
  58  4:46  Probe  
  59  4:55  Stalker  
  59  4:58  Nexus  
  61  5:00  Pylon  
  61  5:04  Robotics Facility  
  61  5:05  Probe  
  62  5:08  Assimilator  
  62  5:12  Gateway  
  62  5:18  Probe  
  62  5:21  Stalker, Gateway  
  63  5:28  Stalker  
  67  5:30  Probe  
  67  5:31  Pylon  
  67  5:32  Stalker x2  
  68  5:37  Probe  
  68  5:42  Probe  
  70  5:46  Pylon  
  70  5:49  Probe  
  71  5:51  Observer (Chrono Boost)  
  71  5:52  Stalker x2  
  71  5:56  Probe  
  77  5:58  Shield Battery  
  77  6:04  Probe  
  77  6:06  Observer  
  77  6:08  Probe  
  77  6:09  Stalker  
  77  6:10  Immortal (Chrono Boost)  
  85  6:13  Probe  
  85  6:15  Stalker  
  85  6:16  Stalker  
  90  6:18  Probe  
  90  6:20  Probe  
  90  6:25  Pylon  
  92  6:26  Observer  
  92  6:29  Stalker, Probe  
  92  6:31  Probe  
  96  6:35  Pylon  
  96  6:38  Probe  
  97  6:41  Immortal (Chrono Boost)  
  97  6:44  Probe  
  97  6:45  Probe  
  103  6:50  Pylon, Probe  
  104  6:56  Probe  
  104  7:01  Nexus  
  105  7:02  Pylon  
  105  7:06  Probe  
  106  7:08  Assimilator  
  106  7:11  Gateway  
  106  7:12  Gateway  
  106  7:15  Gateway  
  106  7:18  Gateway  
  106  7:20  Forge  
  106  7:23  Stalker  
  106  7:27  Observer  
  106  7:28  Observer (Chrono Boost)  
  109  7:30  Stalker x2  
  109  7:31  Stalker  
  109  7:36  Pylon  
  115  7:38  Charge (Chrono Boost)  
  115  7:40  Probe x3  
  115  7:41  Pylon  
  118  7:48  Warp Prism (Chrono Boost)  
  118  7:50  Stalker  
  122  7:53  Protoss Ground Weapons Level 1 (Chrono Boost)  
  122  7:54  Stalker  
  122  7:56  Stalker  
  126  7:58  Stalker  
  128  8:05  Photon Cannon  
  128  8:08  Photon Cannon  
  128  8:11  Stalker  
  130  8:14  Stalker  
  130  8:33  Immortal  
  130  8:34  Stalker x2  
  130  8:35  Stalker x3, Zealot  
  130  8:39  Probe  
  142  8:43  Stalker  
  142  8:44  Probe  
  142  8:47  Pylon  
  145  8:49  Pylon  
  145  8:50  Photon Cannon  
  145  8:52  Stalker  
  146  8:59  Stalker  
  146  9:00  Zealot x2  
  152  9:04  Stalker  
  152  9:05  Adept  
  152  9:07  Adept  
  158  9:11  Stalker  
  158  9:15  Adept, Observer  
  163  9:19  Pylon  
  163  9:21  Stalker, Zealot  
  163  9:22  Zealot  
  169  9:25  Pylon, Zealot  
  169  9:28  Adept  
  169  9:31  Stalker  
  175  9:36  Observer  
  174  9:40  Stalker x3  
  174  9:41  Zealot x2  
  174  9:43  Zealot  
  186  9:45  Stalker  
  180  9:53  Stalker  
  172  10:00  Zealot x2  
  172  10:01  Zealot x2  
  172  10:02  Adept  
  172  10:03  Zealot x2  
  172  10:06  Observer  
  187  10:19  Stalker  
  189  10:23  Stalker x2, Zealot  
  189  10:29  Zealot x3  
  189  10:33  Protoss Ground Weapons Level 2 (Chrono Boost)  
  189  10:34  Adept  
  189  10:35  Immortal  
  191  10:42  Zealot  
  191  10:47  Pylon  
  191  10:49  Zealot  
  193  11:00  Adept  
  195  11:06  Gateway x2  
  195  11:09  Adept x3  
  199  11:18  Zealot x3, Adept  
  197  11:19  Immortal  
  197  11:25  Stalker  
  194  11:32  Stalker x2  
  182  11:35  Stalker x3  
  154  11:52  Stalker x2  
  154  11:53  Stalker x2  
  142  11:58  Observer (Chrono Boost)  
  135  12:01  Stalker x4  
  135  12:04  Zealot x2  
  135  12:06  Shield Battery  
  135  12:07  Photon Cannon  
  147  12:10  Pylon  
  147  12:15  Observer (Chrono Boost)  
  148  12:16  Zealot x3, Adept  
  148  12:18  Assimilator  
  156  12:23  Gateway  
  156  12:24  Zealot x2, Sentry  
  156  12:25  Zealot x3, Gateway, Observer  
  156  12:28  Photon Cannon  
  168  12:35  Assimilator  
  169  12:37  Zealot x4  
  169  12:43  Stalker  
  171  12:44  Observer  
  171  12:46  Probe x2  
  171  12:50  Photon Cannon  
  172  12:55  Stalker  
  172  12:56  Probe  
  172  12:58  Probe x2, Photon Cannon  
  174  12:59  Sentry  
  174  13:01  Stalker  
  174  13:04  Adept  
  179  13:06  Stalker  
  179  13:07  Zealot  
  183  13:13  Stalker, Zealot x2  
  183  13:16  Probe  
  190  13:27  Stalker x3  
  174  13:43  Stalker  
  174  13:44  Probe  
  174  13:48  Probe x2  
  174  13:51  Observer  
  174  13:53  Probe  
  173  13:56  Probe  
  173  13:59  Stalker x2, Sentry  
  173  14:00  Probe x2  
  182  14:05  Probe  
  182  14:08  Probe  
  184  14:16  Stalker  
  184  14:17  Stalker x4  
  194  14:26  Stalker  
  194  14:28  Probe  
  189  14:32  Stalker, Zealot x3  
  189  14:36  Probe x2  
  192  14:45  Observer  
  189  14:49  Stalker x2  
  189  14:50  Zealot, Adept x2  
  191  15:02  Zealot x2, Sentry  
  191  15:03  Zealot  
  199  15:13  Stalker  
  199  15:14  Zealot x4  
  163  15:24  Stalker x2  
  163  15:27  Warp Prism  
  157  15:36  Stalker  
  157  15:37  Zealot x2  
  163  15:46  Stalker, Zealot x2  
  169  15:50  Stalker  
  147  16:05  Stalker, Zealot x3  
  147  16:06  Zealot x2  
  139  16:16  Zealot  
  139  16:17  Zealot x3  
Show
View Real Time Build Order
Export as new Build Order

ShaDoWn Protoss - Winner!

Build Orders:  

Get SALT Encoding   

  12  0:00  Probe  
  13  0:12  Probe  
  14  0:17  Pylon  
  14  0:24  Probe  
  15  0:35  Gateway  
  15  0:37  Probe (Chrono Boost)  
  16  0:46  Probe (Chrono Boost)  
  16  0:47  Assimilator  
  17  0:51  Probe (Chrono Boost)  
  18  1:03  Probe (Chrono Boost)  
  19  1:05  Assimilator  
  19  1:11  Gateway  
  19  1:12  Probe (Chrono Boost)  
  19  1:17  Probe (Chrono Boost)  
  20  1:24  Cybernetics Core  
  21  1:30  Probe  
  22  1:37  Pylon  
  22  1:42  Probe  
  23  1:55  Probe  
  24  2:01  Warp Gate (Chrono Boost), Stalker x2  
  24  2:07  Probe  
  29  2:13  Pylon  
  30  2:31  Sentry  
  31  2:40  Probe, Nexus  
  31  2:43  Sentry  
  34  2:51  Shield Battery  
  34  2:52  Probe  
  35  3:04  Probe  
  36  3:11  Robotics Facility  
  34  3:13  Stalker  
  34  3:18  Probe  
  35  3:24  Pylon  
  35  3:30  Probe  
  36  3:42  Probe (Chrono Boost)  
  36  3:43  Stalker  
  39  3:54  Probe (Chrono Boost)  
  41  3:58  Probe (Chrono Boost)  
  41  4:01  Observer  
  43  4:03  Probe (Chrono Boost)  
  43  4:06  Probe (Chrono Boost), Adept x2  
  49  4:13  Probe x2 (Chrono Boost)  
  50  4:20  Probe (Chrono Boost)  
  50  4:23  Observer  
  53  4:25  Probe (Chrono Boost)  
  53  4:29  Stalker x2, Probe (Chrono Boost)  
  53  4:31  Twilight Council  
  58  4:32  Probe (Chrono Boost)  
  58  4:34  Pylon  
  58  4:36  Assimilator  
  58  4:38  Probe  
  60  4:43  Probe  
  61  4:46  Observer  
  61  4:52  Immortal  
  63  5:00  Adept  
  63  5:01  Stalker  
  63  5:03  Observer  
  63  5:04  Probe  
  63  5:05  Probe  
  63  5:06  Assimilator  
  63  5:07  Pylon  
  69  5:16  Blink (Chrono Boost)  
  69  5:22  Pylon  
  67  5:33  Probe  
  67  5:34  Nexus  
  68  5:35  Pylon  
  68  5:38  Probe  
  68  5:41  Stalker x2  
  73  5:45  Probe  
  74  5:51  Probe  
  74  5:54  Observer  
  75  5:57  Probe, Gateway  
  75  6:00  Forge  
  75  6:01  Observer  
  75  6:03  Probe  
  77  6:08  Stalker  
  77  6:09  Stalker, Probe (Chrono Boost)  
  82  6:15  Probe (Chrono Boost)  
  83  6:21  Probe (Chrono Boost)  
  89  6:26  Probe (Chrono Boost)  
  89  6:28  Probe (Chrono Boost)  
  89  6:30  Shield Battery  
  85  6:33  Gateway, Observer  
  85  6:34  Gateway  
  85  6:35  Protoss Ground Weapons Level 1 (Chrono Boost)  
  85  6:37  Stalker x2  
  85  6:38  Probe  
  85  6:39  Probe  
  91  6:46  Probe  
  90  6:50  Probe  
  90  6:52  Stalker  
  90  6:53  Probe  
  94  6:58  Probe  
  94  7:00  Stalker x2  
  100  7:08  Gateway  
  100  7:13  Pylon, Assimilator  
  99  7:16  Stalker  
  99  7:20  Nexus  
  101  7:23  Pylon, Stalker  
  101  7:25  Stalker  
  101  7:28  Observer  
  106  7:32  Stalker x2  
  110  7:39  Probe x3  
  113  7:47  Pylon  
  113  7:48  Stalker x2  
  113  7:49  Stalker  
  113  7:51  Probe x3  
  121  7:57  Shield Battery  
  121  7:58  Pylon  
  122  8:03  Probe x2  
  122  8:04  Observer  
  122  8:05  Probe  
  126  8:13  Stalker x3  
  126  8:15  Probe  
  126  8:18  Stalker x2  
  136  8:20  Stalker  
  136  8:22  Pylon  
  138  8:28  Observer  
  138  8:30  Probe  
  138  8:31  Immortal (Chrono Boost)  
  138  8:33  Protoss Ground Weapons Level 2 (Chrono Boost)  
  135  8:36  Probe  
  135  8:37  Probe, Observer  
  135  8:39  Charge (Chrono Boost)  
  135  8:41  Probe  
  138  8:44  Stalker x4  
  146  8:52  Stalker  
  148  8:57  Observer  
  148  9:01  Stalker  
  150  9:07  Dark Shrine  
  150  9:08  Zealot x2  
  154  9:10  Zealot x2  
  154  9:13  Observer  
  154  9:14  Nexus  
  154  9:16  Gateway  
  158  9:18  Pylon  
  158  9:22  Observer  
  159  9:26  Assimilator  
  159  9:29  Zealot x3  
  164  9:32  Photon Cannon  
  164  9:35  Pylon  
  164  9:38  Zealot x3  
  170  9:41  Pylon  
  170  9:42  Pylon  
  170  9:52  Zealot x3  
  168  9:54  Observer  
  164  10:00  Stalker x3  
  164  10:04  Gateway  
  170  10:13  Stalker x4  
  177  10:25  Stalker x3  
  177  10:27  Protoss Ground Weapons Level 3 (Chrono Boost)  
  181  10:32  Shadow Stride (Chrono Boost)  
  171  10:38  Gateway  
  171  10:40  Gateway  
  171  10:41  Gateway  
  171  10:42  Zealot x4  
  175  10:47  Pylon  
  175  10:50  Zealot x3  
  177  11:00  Zealot  
  177  11:03  Zealot x3  
  177  11:04  Zealot  
  183  11:07  Pylon  
  183  11:13  Zealot  
  183  11:14  Zealot x2  
  183  11:22  Dark Templar  
  183  11:24  Dark Templar x3  
  183  11:25  Dark Templar  
  157  11:33  Probe, Zealot  
  157  11:34  Zealot x3  
  162  11:41  Probe  
  162  11:42  Zealot x2  
  162  11:43  Probe  
  162  11:44  Probe  
  162  11:46  Probe  
  162  11:52  Observer  
  154  11:55  Stalker x5  
  154  11:59  Stalker x4  
  170  12:02  Probe x2, Observer  
  170  12:05  Pylon  
  170  12:08  Stalker x2  
  176  12:10  Observer (Chrono Boost)  
  177  12:18  Stalker  
  177  12:19  Stalker x4  
  177  12:21  Photon Cannon  
  187  12:24  Stalker x4  
  187  12:29  Shield Battery, Observer (Chrono Boost)  
  196  12:31  Photon Cannon  
  196  12:36  Protoss Shields Level 1 (Chrono Boost)  
  196  12:37  Pylon  
  196  12:41  Stalker  
  196  12:42  Stalker  
  200  12:45  Pylon  
  196  12:52  Dark Templar x3  
  196  12:55  Dark Templar  
  198  13:05  Stalker x4  
  198  13:19  Photon Cannon  
  198  13:24  Robotics Bay  
  198  13:25  Nexus  
  178  13:36  Stalker x6  
  178  13:37  Stalker x5  
  178  13:38  Probe x2  
  196  13:42  Probe  
  196  13:45  Probe  
  194  13:50  Probe  
  183  13:56  Observer  
  183  13:59  Pylon  
  183  14:00  Stalker x8  
  183  14:01  Pylon  
  199  14:08  Observer  
  189  14:11  Stalker x3  
  189  14:14  Gateway  
  189  14:15  Gravitic Boosters (Chrono Boost)  
  189  14:16  Gateway  
  195  14:19  Photon Cannon  
  195  14:27  Observer  
  194  14:37  Probe  
  187  14:42  Stalker x11  
  184  14:54  Shield Battery  
  184  14:57  Shield Battery  
  184  14:59  Photon Cannon  
  184  15:05  Stalker x6, Zealot  
  153  15:22  Zealot x6  
  153  15:28  Zealot x5  
  153  15:29  Zealot x2  
  167  15:36  Disruptor (Chrono Boost)  
  170  15:43  Stalker x6  
  170  15:49  Stalker x4  
  188  16:01  Zealot x3  
  173  16:08  Stalker x4  
  165  16:14  Stalker  
  165  16:16  Zealot x5  
  165  16:27  Zealot x3  
Tags
 
Add a new tag
Caveats
  • Supply blocks, unpowered buildings, or Contaminate may cause inaccurate times.
  • Supply counts are checked every 10 seconds.